 Dungeon Crawl Stone Soup version 0.29.1-13-g9f3cf754e1 (webtiles) character file.

Game seed: 3459432348832213522

243 Heoruswealwe the Insei (level 6, -7/43 HPs)
             Began as a Human Transmuter on Feb 2, 2023.
             Killed by nerve-wracking pain
             ... invoked by a shadow imp
              (14 damage)
             ... on level 5 of the Dungeon.
             The game lasted 00:32:10 (2547 turns).

Heoruswealwe the Insei (Human Transmuter)           Turns: 2547, Time: 00:32:11

Health: -7/43      AC:  4    Str: 13    XL:     6   Next: 31%
Magic:  11/11      EV: 27    Int: 13    God:
Gold:   91         SH:  0    Dex: 13    Spells: 11/12 levels left

rFire   . . .      SeeInvis .     - Unarmed
rCold   . . .      Faith    .   (no shield)
rNeg    . . .      Spirit   .   a - +2 robe
rPois   .          Reflect  .   (no helmet)
rElec   .          Harm     .   (no cloak)
rCorr   +          Rampage  .   (no gloves)
Will    .....                   (no boots)
Stlth   +.........              o - amulet of the acrobat
HPRegen 0.14/turn               s - ring of resist corrosion
MPRegen 0.12/turn               (no ring)

@: acrobatic
A: no striking features
a: no special abilities


You were on level 5 of the Dungeon.
You visited 1 branch of the dungeon, and saw 5 of its levels.

You collected 91 gold pieces.

Inventory:

Hand Weapons
 c - a +2 trident
 f - a +0 short sword
 g - a +0 club
 j - a +0 hand axe
 k - a +0 club
 l - a +0 mace
 m - a +0 club
 p - a +0 club
 q - a +0 dagger
 u - a +0 dagger
 x - a +0 dagger
 z - a +0 short sword
 E - a +0 giant spiked club
Missiles
 e - 20 stones
 G - 3 large rocks
Armour
 a - a +2 robe (worn)
 d - a +0 ring mail
 h - a +0 ring mail
 i - a +0 leather armour
 n - a +0 robe
 r - a +0 leather armour
 B - a +0 helmet
 C - a +0 pair of gloves
Jewellery
 o - an amulet of the acrobat (around neck)
 s - a ring of resist corrosion (left hand)
Scrolls
 y - 2 scrolls of poison {unknown}
 A - 2 scrolls of vulnerability {unknown}
 F - a scroll of fog {unknown}
 H - a scroll of immolation {unknown}
Potions
 b - a potion of lignification
 t - 2 potions of curing {unknown}
 v - a potion of flight
 w - a potion of attraction
 D - a potion of berserk rage {unknown}


   Skills:
 + Level 1.3 Fighting
 + Level 2.7 Dodging
 + Level 0.5 Stealth
 + Level 4.5 Unarmed Combat
 + Level 3.5 Spellcasting
 + Level 3.2 Transmutations


You had 11 spell levels left.
You knew the following spells:

 Your Spells              Type           Power      Damage    Failure   Level
a - Beastly Appendage     Tmut           20%        N/A       6%          1

Your spell library contained the following spells:

 Spells                   Type           Power      Damage    Failure   Level
 Wereblood                Tmut           10%        N/A       9%          2
 Summon Small Mammal      Summ           8%         N/A       22%         1
 Spider Form              Tmut/Pois      6%         N/A       34%         3
 Call Canine Familiar     Summ           2%         N/A       54%         3
 Summon Guardian Golem    Hex/Summ       2%         N/A       54%         3
 Ice Form                 Ice/Tmut       6%         N/A       75%         4
 Corpse Rot               Necr/Pois/Air  2%         N/A       91%         4
 Dispel Undead            Necr           2%         3d7       91%         4
 Death Channel            Necr           1%         N/A       100%        6


Dungeon Overview and Level Annotations

Branches:
Dungeon (5/15)
 Temple: D:4-7

Altars:


Message History

Here: an ogre, wielding a +0 giant spiked club (asleep)
The floor.
The helpless ogre fails to defend itself.
You punch the ogre! You headbutt the ogre.
The ogre is heavily wounded.
The ogre hits you with a +0 giant spiked club!!
Ouch! That really hurt!
You hit the ogre.
The ogre is heavily wounded.
You hit the ogre. You claw the ogre, but do no damage. You headbutt the ogre.
The ogre is severely wounded.
The ogre hits you with a +0 giant spiked club!
* * * LOW HITPOINT WARNING * * *
You hit the ogre. You claw the ogre, but do no damage. You headbutt the ogre.
You kill the ogre!
You have reached level 6!
Things that are here:
a +0 giant spiked club; an ogre corpse
E - a +0 giant spiked club Your transformation is almost over.
F - a scroll labelled GAKAYSM JIECSE
Found 3 large rocks.
e - 20 stones (gained 4)
Your horns disappear.
Your talons disappear.
You see here 3 large rocks.
You see here 3 large rocks.
G - 3 large rocks
H - a scroll labelled YZOYTWI NOULE
There is a stone staircase leading down here.
You climb downwards.
The shadow imp shouts!
Found a runed iron wand and a scroll of enchant weapon.
There is a stone staircase leading up here.
Found 15 gold pieces.
The shadow imp gestures at you. Pain shoots through your body!
* * * LOW HITPOINT WARNING * * *
The shadow imp gestures at you. Pain shoots through your body!
You die...

##.# #..# #..#
#.5# #.<# #..##
#...#######
##..........
#?..@.......
$.........#####
#####....##
###... ##...
#... #... ...#


You could see a shadow imp.

Vanquished Creatures
  An ogre (D:4)
  A howler monkey (D:4)
  Natasha (D:3)
  3 adders
  3 worms
  4 dart slugs
  5 bats
  8 endoplasms
  A giant cockroach (D:1)
  3 hobgoblins
  4 jackals
  4 quokkas
  6 ball pythons
  3 frilled lizards
  5 goblins
  3 kobolds
  5 rats
60 creatures vanquished.

Notes
Turn   | Place    | Note
-------+----------+-------------------------------------------
     0 | D:1      | Heoruswealwe the Human Transmuter began the quest for the
                  | Orb.
     0 | D:1      | Reached XP level 1. HP: 15/15 MP: 3/3
   127 | D:2      | Reached XP level 2. HP: 6/21 MP: 3/5
   589 | D:1      | Reached XP level 3. HP: 16/26 MP: 4/6
  1443 | D:3      | Reached XP level 4. HP: 32/32 MP: 5/7
  1909 | D:4      | Reached skill level 4 in Unarmed Combat
  1909 | D:4      | Reached XP level 5. HP: 24/37 MP: 9/9
  2199 | D:3      | Noticed Natasha
  2206 | D:3      | Killed Natasha
  2254 | D:3      | Found a faded altar of an unknown god.
  2504 | D:4      | Noticed an ogre
  2510 | D:4      | Killed an ogre
  2511 | D:4      | Reached XP level 6. HP: 8/43 MP: 8/11
  2543 | D:5      | Entered Level 5 of the Dungeon
  2547 | D:5      | Killed from afar by a shadow imp

Illustrated notes

Levels and vault maps discovered:
D:1:      minmay_arrival_three_doors, layout_basic
D:2:      layout_basic
D:3:      kb_forest_paths, layout_basic, cheibrodos_sewer_entry_drain,
          hellmonk_ecumenical_altar_crossroads,
          nicolae_concentric_dashed_squares_mild, grunt_decor_resistance,
          uniq_natasha
D:4:      layout_layer_cave, minmay_temple_entry_nine_rooms, uniq_robin
D:5:      layout_layer_cave, serial_shops, nicolae_shop_waterfront, minivault_27

Skill      XL: |  1  2  3  4  5 |
---------------+----------------+-----
Unarmed Combat | 4 |  4.5
Spellcasting   | 3 |  3.5
Transmutations | 3 |  3.2
Fighting       | |  1.3
Dodging        | |  2.7
Stealth        | |  0.5

Action                   |  1- 3 |  4- 6 || total
-------------------------+-------+-------++-------
Melee: Unarmed           |    84 |    65 ||   149
       Kick              |    21 |    12 ||    33
       Headbutt          |    14 |    24 ||    38
       Punch             |     2 |     4 ||     6
 Cast: Beastly Appendage |    24 |    15 ||    39
  Use: Potion            |     3 |       ||     3
       Scroll            |     8 |     1 ||     9
 Stab: Sleeping          |     1 |     1 ||     2
Armor: Robe              |    18 |    18 ||    36
Dodge: Dodged            |    40 |    48 ||    88
